 Seeded DCSS version 0.28-a0-1447-ga5a8893 (webtiles) character file.

Game seed: 7271435782258530491 (custom seed)

5169 skewfiend the Carver (level 10, -3/85 HPs)
             Began as a Formicid Monk on Jan 10, 2022.
             Was a Priest of Okawaru.
             Slain by a centaur warrior (11 damage)
             ... on level 9 of the Dungeon.
             The game lasted 00:36:14 (13865 turns).

skewfiend the Carver (Formicid Monk)               Turns: 13865, Time: 00:36:15

Health: -3/85      AC: 13    Str: 12 (15) XL:     10   Next: 90%
Magic:  12/12      EV:  2    Int:  9 (11) God:    Okawaru [***...]
Gold:   260        SH: 15    Dex: 15 (17) Spells: 9/9 levels left

rFire   . . .      SeeInvis +   c - +2 scimitar (flame)
rCold   + . .      Faith    .   w - +1 tower shield
rNeg    . . .      Spirit   .   f - +0 plate armour
rPois   .          Reflect  .   (helmet unavailable)
rElec   .          Harm     .   (no cloak)
rCorr   .          Rampage  .   B - +0 pair of gloves
Will    +....                   (no boots)
Stlth   ..........              (no amulet)
HPRegen 0.24/turn               i - ring of protection from cold
MPRegen 0.13/turn               (no ring)

@: heroic
A: permanent stasis, dig shafts and tunnels, antennae 3, four strong arms
a: Dig, Shaft Self, Renounce Religion, Heroism


You were on level 9 of the Dungeon.
You worshipped Okawaru.
Okawaru was most pleased with you.
You visited 2 branches of the dungeon, and saw 10 of its levels.

You collected 415 gold pieces.
You spent 155 gold pieces at shops.

Inventory:

Hand Weapons
 a - a +0 dagger of electrocution
 b - a +0 short sword of venom
 c - a +2 scimitar of flaming (weapon)
 d - a +2 vorpal falchion
 h - a +1 dagger of holy wrath
 H - a +2 broad axe of flaming
Missiles
 e - 176 stones (quivered)
 m - 2 boomerangs
 p - 47 poisoned darts
 L - a curare-tipped dart
Armour
 f - a +0 plate armour (worn)
 k - a +0 ring mail
 o - a +0 kite shield
 q - a +0 scale mail
 s - a +0 robe
 w - a +1 tower shield (worn)
 B - a +0 pair of gloves (worn)
Jewellery
 g - a ring of resist corrosion
 i - a ring of protection from cold (left hand)
Wands
 y - a wand of acid (1)
 G - a wand of paralysis (13)
Scrolls
 j - 2 scrolls of amnesia
 r - 2 scrolls of noise
 u - 2 scrolls of enchant armour
 v - a scroll of vulnerability
 A - a scroll of enchant weapon {unknown}
 J - 3 scrolls of identify
Potions
 l - a potion of magic
 n - 2 potions of flight
 t - a potion of curing
 C - a potion of invisibility {unknown}
 D - a potion of degeneration
 E - a potion of might
 F - a potion of attraction {unknown}
 I - a potion of ambrosia {unknown}
 K - a potion of brilliance


   Skills:
 + Level 10.0(15.0) Fighting
 - Level 6.9(14.6) Short Blades
 * Level 10.3(16.2) Long Blades
 + Level 2.6(7.6) Throwing
 - Level 2.6(7.6) Dodging
 - Level 2.4(7.4) Stealth
 - Level 3.0 Invocations


You had 9 spell levels left.
You didn't know any spells.
Your spell library contained the following spells:

 Spells                   Type           Power      Damage    Failure   Level
 Foxfire                  Conj/Fire      0%         2x1d4     100%        1
 Conjure Flame            Conj/Fire      0%         6-21      100%        3
 Ignite Poison            Fire/Tmut/Pois 0%         N/A       100%        3
 Inner Flame              Hex/Fire       0%         N/A       100%        3
 Flame Wave               Conj/Fire      0%         2d4       100%        4
 Sticky Flame             Conj/Fire      0%         2d3       100%        4


Dungeon Overview and Level Annotations

Branches:
Dungeon (9/15)             Temple (1/1) D:7
   Lair: D:8-11         Orc: D:9-12

Altars:
Ashenzari
Cheibriados
Dithmenos
Elyvilon
Fedhas
Gozag
Hepliaklqana
Kikubaaqudgha
Makhleb
Nemelex Xobeh
Okawaru
Qazlal
Ru
Sif Muna
Trog
Uskayaw
Vehumet
Wu Jian
Xom
Yredelemnul
Zin
The Shining One

Shops:
D:5 *   D:7 [

Annotations:
D:6 3 runed translucent doors, morfei's ghost, amateur FeIE


Innate Abilities, Weirdness & Mutations

You cannot be hasted, slowed, berserked, paralysed or teleported.
You can dig through walls and to a lower floor.
You have a pair of large antennae on your head. (SInv)
Your four strong arms can wield two-handed weapons with a shield.


Message History

You kill the water moccasin!
Okawaru accepts your kill.
You see here a water moccasin corpse.
There is an open door here.
A centaur warrior comes into view.
Found 18 gold pieces.
The centaur warrior wields a +0 longbow.
The centaur warrior shoots an arrow.
The arrow hits you!!
Unknown command.
You gain the combat prowess of a mighty hero.
The centaur warrior shoots an arrow.
The arrow hits you!!
As you read the scroll of fog, it crumbles to dust.
The scroll dissolves into smoke.
The centaur warrior shoots an arrow.
The arrow hits you!!
The centaur warrior shoots an arrow.
You block the arrow.
Unknown command.
The centaur warrior shoots an arrow.
The arrow hits you!
* * * LOW HITPOINT WARNING * * *
There is an open door, spattered with blood here.
You close the door.
It was a potion of degeneration.
There was something very wrong with that liquid.
You feel weakened.
You feel dopey.
You feel clumsy.
You feel better.
Something unseen opens the door.
You see here a water moccasin corpse.
The centaur warrior shoots an arrow.
The arrow hits you!
* * * LOW HITPOINT WARNING * * *
The centaur warrior shoots an arrow.
You block the arrow.
The centaur warrior unwields a +0 longbow.
The centaur warrior hits you but does no damage.
You block the centaur warrior's attack.
There is an open door, spattered with blood here.
You slash the centaur warrior! You burn the centaur warrior!
The centaur warrior is heavily wounded.
The centaur warrior hits you.
* * * LOW HITPOINT WARNING * * *
You block the centaur warrior's attack.
You completely miss the centaur warrior.
The centaur warrior is heavily wounded.
The centaur warrior hits you!
You die...

...........# #.§§§§§...#
...........#### #§§....#
...........'..###§§§...#
...........##..##......#
.........>.###..#§.....#
...........# ##.#......#
...........# #†#......#
...........# #.#......#
...........# #.@......#
######### ###c.....#
#......# ########


You could see a centaur warrior.

Vanquished Creatures
  Erica (D:9)
  Maggie (D:7)
  A hornet (D:8)
  Sigmund (D:2)
  A wyvern (D:8)
  A yak (D:9)
  Eustachio (D:3)
  3 water moccasins
  2 black bears (D:7)
  2 orc warriors
  2 sky beasts
  5 ice beasts
  A hornet zombie (D:7)
  A necrophage (D:5)
  5 ogres
  A wolf (D:9)
  A centaur (D:6)
  A phantom (D:7)
  A kobold brigand (D:8)
  A bullfrog (D:7)
  2 scorpions (D:5)
  A water moccasin skeleton (D:6)
  A howler monkey (D:9)
  A bullfrog zombie (D:5)
  A crimson imp (D:6)
  4 jellies
  3 hounds
  3 bullfrog skeletons (D:5)
  2 gnoll shamans (D:8)
  An iguana (D:4)
  5 orc wizards
  A killer bee zombie (D:8)
  A hound zombie (D:5)
  A howler monkey zombie (D:6)
  20 gnolls
  4 adders
  A shadow imp (D:6)
  3 white imps
  An ufetubus (D:9)
  3 worms
  A dart slug (D:4)
  23 orcs
  5 ball pythons
  13 endoplasms
  5 giant cockroaches
  12 goblins
  10 hobgoblins
  6 jackals
  24 kobolds
  4 quokkas
  8 bats
  A frilled lizard (D:1)
  3 rats (D:1)
207 creatures vanquished.

Vanquished Creatures (others)
  A wizard (D:8)
  8 fungi (D:2)
  7 toadstools (D:2)
16 creatures vanquished.

Grand Total: 223 creatures vanquished

Notes
Turn   | Place    | Note
-------+----------+-------------------------------------------
     0 | D:1      | skewfiend the Formicid Monk began the quest for the Orb.
     0 | D:1      | Reached XP level 1. HP: 18/18 MP: 1/1
   529 | D:1      | Reached XP level 2. HP: 20/24 MP: 2/2
  1276 | D:1      | Reached XP level 3. HP: 28/30 MP: 3/3
  2250 | D:2      | Noticed Sigmund
  2267 | D:2      | Killed Sigmund
  2268 | D:2      | Reached skill level 5 in Short Blades
  2268 | D:2      | Reached XP level 4. HP: 36/38 MP: 4/4
  2268 | D:2      | Reached XP level 5. HP: 41/43 MP: 5/5
  2268 | D:2      | Reached XP level 6. HP: 46/49 MP: 6/6
  2892 | D:2      | Reached skill level 5 in Fighting
  4520 | D:4      | Reached XP level 7. HP: 56/56 MP: 7/7
  5153 | D:4      | Noticed Eustachio
  5460 | D:3      | Killed Eustachio
  6007 | D:5      | Entered Level 5 of the Dungeon
  6081 | D:5      | Reached skill level 1 in Long Blades
  6089 | D:5      | Found Gyusch's Assorted Antiques.
  6102 | D:5      | Reached XP level 8. HP: 64/64 MP: 8/8
  6117 | D:5      | Bought a scroll labelled MIARIA YRATELO for 31 gold pieces
  6117 | D:5      | Bought a potion of curing for 93 gold pieces
  6117 | D:5      | Bought a scroll labelled JYZ CIPUSITTO for 31 gold pieces
  7461 | D:5      | You fall into a shaft and drop 2 floors!
  7857 | D:7      | Found a sparkling altar of Nemelex Xobeh.
  7883 | D:7      | Reached skill level 5 in Long Blades
  7918 | D:6      | HP: 3/67 [water moccasin (8)]
  7959 | D:6      | Reached XP level 9. HP: 20/72 MP: 9/9
  9589 | D:7      | Found a staircase to the Ecumenical Temple.
  9595 | Temple   | Entered the Ecumenical Temple
  9924 | Temple   | Became a worshipper of Warmaster Okawaru
  9924 | Temple   | Reached * piety under Okawaru
  9924 | Temple   | Reached ** piety under Okawaru
 10001 | D:7      | Reached skill level 1 in Invocations
 10599 | D:6      | Found a runed translucent gate.
 10599 | D:6      | Found a runed translucent gate.
 10599 | D:6      | Found a runed translucent gate.
 10646 | D:6      | Noticed morfei's ghost (amateur FeIE)
 11212 | D:7      | Reached XP level 10. HP: 78/80 MP: 12/12
 11263 | D:7      | Found Fixakel's Armour Shop.
 11342 | D:7      | Noticed Maggie
 11367 | D:7      | Killed Maggie
 12167 | D:8      | Reached *** piety under Okawaru
 12901 | D:8      | Found a bloodstained altar of Trog.
 13037 | D:8      | Noticed a wizard
 13039 | D:8      | Killed a wizard
 13118 | D:8      | Reached skill level 1 in Throwing
 13479 | D:9      | Noticed Erica
 13483 | D:9      | Reached skill level 10 in Long Blades
 13498 | D:9      | Killed Erica
 13499 | D:9      | Reached skill level 10 in Fighting
 13847 | D:9      | Noticed a centaur warrior
 13865 | D:9      | Slain by a centaur warrior

Illustrated notes

Levels and vault maps discovered:
D:1:      psy_arrival_radial01, layout_loops_corners
D:2:      cheibrodos_fertilizer, layout_basic, minmay_ruptured, uniq_sigmund
D:3:      layout_basic
D:4:      layout_cave_pods, chequers_serial_rivers_micro_c, uniq_eustachio
D:5:      layout_basic, serial_shops, nicolae_shop_advertising_works
          [nicolae_subvault_shop_adworks], dk_noncrumbling_3,
          serial_bayou_pond_e, corexii_leaking_fountain
D:6:      layout_loops_ring, gammafunk_ghost_icy, minmay_fire_ice_demons
D:7:      layout_cave_pools, kennysheep_little_box, minmay_temple_entry_fiery,
          enter_bailey_4, serial_shops, nicolae_square_shop, uniq_maggie
D:8:      layout_basic, trog_wizard, minmay_misc_feat_doors, minmay_between
D:9:      layout_roguey, lair_entry_dummy, serial_ice, serial_ice_d,
          serial_ice_b, serial_ice_a, serial_ice_h, uniq_erica, uniq_grum
Temple:   mainiacjoe_temple_cubbyholes

Skill      XL: |  1  2  3  4  5  6  7  8  9 10 |
---------------+-------------------------------+-----
Short Blades   | 5 6 |  6.9
Fighting       | 4 5 6 7 8 10 | 10.0
Long Blades    | 2 5 8 10 | 10.3
Invocations    | 3 |  3.0
Throwing       | 2 |  2.6
Dodging        | |  2.6
Stealth        | |  2.4

Action                   |  1- 3 |  4- 6 |  7- 9 | 10-12 || total
-------------------------+-------+-------+-------+-------++-------
Melee: Short sword       |   120 |    69 |   154 |   139 ||   482
       Dagger            |     4 |   124 |   304 |    11 ||   443
       Falchion          |       |       |       |    65 ||    65
       Scimitar          |       |       |       |     6 ||     6
Throw: Stone             |    26 |     4 |    64 |     6 ||   100
       Throwing net      |       |       |     3 |       ||     3
       Dart              |       |       |     2 |    22 ||    24
       Boomerang         |       |       |       |     1 ||     1
Invok: Heroism           |       |       |     3 |     7 ||    10
 Abil: Shaft Self        |       |       |     1 |       ||     1
       Dig               |       |       |     1 |     1 ||     2
Evoke: Wand              |       |       |     5 |     3 ||     8
  Use: Potion            |     4 |     1 |     5 |     3 ||    13
       Scroll            |       |     8 |     4 |     1 ||    13
 Stab: Sleeping          |     2 |       |       |       ||     2
       Held in net/web   |       |       |     1 |       ||     1
Armor: Skin              |     4 |       |       |       ||     4
       Robe              |    14 |       |       |       ||    14
       Ring mail         |     8 |       |       |       ||     8
       Scale mail        |       |    96 |   127 |       ||   223
       Plate armour      |       |       |    93 |    70 ||   163
Dodge: Dodged            |    59 |    65 |    98 |     9 ||   231
Block: Kite shield       |    26 |    65 |       |       ||    91
       Tower shield      |       |     9 |   309 |   104 ||   422

Table legend: (Time is in decaauts)
 A = Elapsed time spent in this place.
 B = Non-inter-level travel time spent in this place.
 C = Inter-level travel time spent in this place.
 D = Time resting spent in this place.
 E = Time spent auto-exploring this place.
 F = Levels seen in this place.
 G = Mean time per level.
                   A        B        C        D        E       F      G
               +--------+--------+--------+--------+--------+-----+--------+
         Total |  13877 |  13398 |    479 |   1802 |   8968 |  10 | 1387.7 |
       Dungeon |  13523 |  13107 |    416 |   1802 |   8679 |   9 | 1502.6 |
        Temple |    353 |    290 |     63 |      0 |    289 |   1 |  353.0 |
               +--------+--------+--------+--------+--------+-----+--------+

Top non-repeatable levels by time:
     D:5: 2157 daAuts
     D:1: 2067 daAuts
     D:6: 1692 daAuts
     D:7: 1581 daAuts
     D:2: 1505 daAuts
     D:8: 1503 daAuts
     D:4: 1369 daAuts
     D:3: 1077 daAuts
     D:9: 569 daAuts
  Temple: 353 daAuts
